 Dungeon Crawl Stone Soup version 0.24.0-13-gcf9b319 (webtiles) character file.

Game seed: 14481877594445925980, levelgen mode: deterministic

1493 Fang the Skirmisher (level 8, -1/52 HPs)
             Began as a Gargoyle Berserker on Dec 4, 2019.
             Was a Priest of Trog.
             Slain by an orc warrior
             ... wielding a +0 flail
              (11 damage)
             ... on level 7 of the Dungeon.
             The game lasted 00:06:47 (7787 turns).

Fang the Skirmisher (Gargoyle Berserker)            Turns: 7787, Time: 00:06:48

Health: -1/52      AC: 18    Str: 24    XL:     8   Next: 81%
Magic:  8/8        EV:  6    Int: 10    God:    Trog [***...]
Gold:   481        SH:  9    Dex:  9    Spells: 7/7 levels left

rFire    + . .     SeeInvis .   a - +0 hand axe
rCold    + . .     Gourm    .   B - +0 shield
rNeg     + . .     Faith    .   b - +0 plate armour
rPois    ∞         Spirit   .   (no helmet)
rElec    +         Reflect  .   D - scarf {rC+ rF+}
rCorr    .         Harm     .   (no gloves)
MR       ++...                  (no boots)
Stlth    ..........             (no amulet)
HPRegen  1.17/turn              q - +3 ring of intelligence
MPRegen  0.11/turn              y - ring of attention (curse)

@: berserk cooldown, starving, regenerating, slowed, very slow
A: negative energy resistance 1, electricity resistance, unbreathing,
petrification resistance, rot immunity, AC +5
a: Berserk, Trog's Hand, Renounce Religion


You were on level 7 of the Dungeon.
You worshipped Trog.
Trog was most pleased with you.
You were starving.

You visited 2 branches of the dungeon, and saw 8 of its levels.

You collected 481 gold pieces.

Inventory:

Hand Weapons
 a - a +0 hand axe (weapon)
Armour
 b - a +0 plate armour (worn)
 B - a +0 shield (worn)
 D - a scarf of resistance (worn)
Jewellery
 q - a +3 ring of intelligence (left hand)
 u - an uncursed ring of positive energy
 y - a cursed ring of attention (right hand)
Wands
 v - a wand of iceblast (8)
 z - a wand of polymorph (7)
Scrolls
 f - 5 scrolls of identify
 j - a scroll of teleportation {unknown}
 m - a scroll of enchant armour {unknown}
 n - 3 scrolls of remove curse
 o - 3 scrolls of enchant weapon {unknown}
 p - 2 scrolls of fog {unknown}
 s - 2 scrolls of magic mapping {unknown}
 t - 2 scrolls of immolation {unknown}
 w - 2 scrolls of amnesia {unknown}
 A - a scroll of random uselessness {unknown}
Potions
 d - 2 potions of might
 e - 5 potions of curing
 g - 3 potions of agility {unknown}
 h - 2 potions of lignification {unknown}
 i - a potion of heal wounds {unknown}
 k - 2 potions of resistance {unknown}
 l - a potion of magic {unknown}
 r - a potion of flight {unknown}
 x - a potion of invisibility {unknown}
 C - a potion of degeneration {unknown}
Comestibles
 c - 13 rations


   Skills:
 + Level 6.4 Fighting
 + Level 5.4 Axes
 + Level 5.9 Armour
 + Level 4.5 Dodging
 + Level 2.8 Shields


You had 7 spell levels left.
You didn't know any spells.
Your spell library was empty.

Dungeon Overview and Level Annotations

Branches:
Dungeon (7/15)             Temple (1/1) D:4

Altars:
Ashenzari
Dithmenos
Gozag
Sif Muna
Uskayaw
Vehumet


Innate Abilities, Weirdness & Mutations

You are resistant to torment.
Your stone body is resilient. (AC +5)
You are immune to poison.
You resist negative energy. (rN+)
You are resistant to electric shocks. (rElec)
You can survive without breathing.
You are immune to petrification.
You are immune to rotting.


Message History

Your shield and plate armour prevent you from hitting the orc warrior.
The orc warrior is severely wounded.
You block the orc warrior's attack.
The orc priest calls down the wrath of Beogh upon you.
Beogh smites you!
* * * LOW HITPOINT WARNING * * *
You block the orc warrior's attack.
You closely miss the orc warrior.
The orc warrior is severely wounded.
The orc warrior completely misses you.
You completely miss the orc warrior.
The orc warrior is severely wounded.
The orc warrior hits you but does no damage.
The orc priest calls upon Beogh to heal the orc warrior.
The orc warrior is healed somewhat.
You closely miss the orc warrior.
The orc warrior is heavily wounded.
You block the orc warrior's attack.
The orc warrior hits you with a +0 flail!
You die... .....# .....## .....### ....+. ....# ooo

#o# #@# #+ #.# #.#
#.+ #.# #.#
##.###.# #
##...##.#######
####.....#........
........##..###.#.
####..............


You could see an orc warrior, an orc priest, an orc wizard and an orc.

Vanquished Creatures
  Grinder (D:6)
  A water moccasin (D:7)
  2 sky beasts
  2 ogres
  A bullfrog (D:7)
  2 scorpions (D:4)
  A water moccasin skeleton (D:6)
  2 howler monkeys (D:4)
  2 crimson imps
  3 hounds
  An orc priest (D:5)
  A centaur skeleton (D:5)
  Natasha (D:2)
  3 worker ants
  A hound zombie (D:5)
  6 adders
  2 shadow imps
  2 oozes
  An adder zombie (D:6)
  2 worms (D:2)
  3 dart slugs
  3 leopard geckos
  12 orcs
  8 giant cockroaches
  10 goblins
  14 hobgoblins
  3 jackals (D:3)
  11 kobolds
  5 quokkas
  10 bats
  5 frilled lizards
  A quokka skeleton (D:6)
  6 rats
128 creatures vanquished.

Notes
Turn   | Place    | Note
-------+----------+-------------------------------------------
     0 | D:1      | Fang the Gargoyle Berserker began the quest for the Orb.
     0 | D:1      | Reached XP level 1. HP: 14/14 MP: 1/1
   195 | D:1      | Reached XP level 2. HP: 12/19 MP: 2/2
   711 | D:1      | Reached XP level 3. HP: 21/23 MP: 3/3
   732 | D:1      | Reached ** piety under Trog
  1444 | D:2      | Reached XP level 4. HP: 27/29 MP: 4/4
  1611 | D:2      | Reached skill level 4 in Fighting
  1613 | D:2      | Found a shadowy altar of Dithmenos.
  2038 | D:2      | Noticed Natasha
  2050 | D:2      | HP: 1/43 [worm (2)]
  2051 | D:2      | Killed Natasha
  2051 | D:2      | Reached XP level 5. HP: 1/33 MP: 5/5
  2964 | D:3      | Reached *** piety under Trog
  3769 | D:3      | Found a radiant altar of Vehumet.
  3770 | D:3      | Found a hide-covered altar of Uskayaw.
  4205 | D:4      | Reached XP level 6. HP: 24/39 MP: 6/6
  4226 | D:4      | HP: 1/39 [orc/+0 flail (6)]
  4249 | D:4      | HP: 1/39 [orc/+0 flail (3)]
  4559 | D:4      | Found a staircase to the Ecumenical Temple.
  4577 | D:4      | HP: 2/58 [ogre/+0 giant spiked club (17)]
  4630 | Temple   | Entered the Ecumenical Temple
  4874 | D:4      | Reached skill level 5 in Fighting
  4874 | D:4      | Reached XP level 7. HP: 38/44 MP: 7/7
  4910 | D:4      | Found a shattered altar of Ashenzari.
  5008 | D:4      | Found an opulent altar of Gozag.
  5066 | D:4      | Found a shimmering blue altar of Sif Muna.
  5337 | D:5      | Entered Level 5 of the Dungeon
  5726 | D:5      | Reached **** piety under Trog
  6048 | D:5      | Reached skill level 5 in Armour
  6315 | D:6      | Found a shattered altar of Ashenzari.
  6690 | D:6      | Reached XP level 8. HP: 51/51 MP: 8/8
  6728 | D:6      | Noticed Grinder
  6756 | D:6      | Killed Grinder
  6756 | D:6      | Reached skill level 6 in Fighting
  6756 | D:6      | Reached skill level 5 in Axes
  6756 | D:6      | Reached skill level 1 in Shields
  7787 | D:7      | Slain by an orc warrior

Levels and vault maps discovered:
D:1:      noname_arrival_rooms_in_the_neighbourhood, layout_basic,
          minmay_misc_feat_x, minivault_26
D:2:      layout_basic, marbit_many_paths, uniq_natasha
D:3:      layout_basic, gammafunk_temple_overflow_pools, minmay_quantized
D:4:      layout_rooms, nicolae_gozag_cash_rules_everything_around_me,
          nicolae_overflow_crystal_walls, minmay_temple_entry_enclosed_plants,
          first_ration, ashenzari_altar_1
D:5:      layout_basic
D:6:      layout_loops_ring, overflow_temple_1_default, dk_noncrumbling_2,
          minmay_misc_feat_rugged, uniq_grinder
D:7:      layout_loops_corners, lemuel_doored_altar, grunt_qazlal_clouds,
          the_bakery
Temple:   hc_temple_tempest_star

Skill      XL: |  1  2  3  4  5  6  7  8 |
---------------+-------------------------+-----
Axes           | 3 4 5 |  5.4
Dodging        | 2 3 4 |  4.5
Armour         | 3 4 5 |  5.9
Fighting       | 4 5 6 |  6.4
Shields        | 2 |  2.8

Action                   |  1- 3 |  4- 6 |  7- 9 || total
-------------------------+-------+-------+-------++-------
Melee: Hand axe          |   144 |   217 |   411 ||   772
Invok: Berserk           |       |     4 |     2 ||     6
       Trog's Hand       |       |     1 |     1 ||     2
  Use: Scroll            |       |     2 |       ||     2
  Eat: Chunk             |     1 |     9 |     7 ||    17
       Ration            |       |     2 |     1 ||     3
Armor: Animal skin       |    46 |    87 |       ||   133
       Chain mail        |       |     7 |    89 ||    96
       Skin              |       |     1 |       ||     1
       Plate armour      |       |       |   141 ||   141
Dodge: Dodged            |   111 |   153 |   109 ||   373
Block: Shield            |       |       |    95 ||    95
